 Dungeon Crawl Stone Soup version 0.28-a0-796-gd4f0d3f9b2 (webtiles) character file.

Game seed: 9045225881469005833

7000 Froggeryz the Grappler (level 11, -2/64 HPs)
             Began as a Gargoyle Monk on Nov 6, 2021.
             Was a High Priest of Okawaru.
             Slain by a hellwing (5 damage)
             ... summoned by a kobold demonologist
             ... on level 10 of the Dungeon.
             The game lasted 00:15:36 (14152 turns).

Froggeryz the Grappler (Gargoyle Monk)             Turns: 14152, Time: 00:15:36

Health: -2/64      AC:  7    Str: 17    XL:     11   Next: 8%
Magic:  11/11      EV: 10    Int: 10    God:    Okawaru [*****.]
Gold:   690        SH:  5    Dex: 15    Spells: 10/10 levels left

rFire   . . .      SeeInvis .     - Unarmed
rCold   + . .      Faith    .   (no shield)
rNeg    + + .      Spirit   .   v - +0 scale mail
rPois   ∞          Reflect  +   J - +0 helmet
rElec   +          Harm     .   (no cloak)
rCorr   .          Rampage  +   i - +0 pair of gloves
Will    +....                   B - +2 pair of boots {rampage}
Stlth   +.........              E - amulet of reflection
HPRegen 0.20/turn               y - ring "Beace" {rC+ rN+ Str-2 Dex+3 Slay+4}
MPRegen 0.12/turn               m - ring of willpower

@: corroded, studying Armour
A: sickness immunity, AC +8, negative energy resistance 1, electricity
resistance, torment resistance 1, petrification resistance
a: Renounce Religion, Heroism, Finesse, Duel


You were on level 10 of the Dungeon.
You worshipped Okawaru.
Okawaru was extremely pleased with you.
You visited 1 branch of the dungeon, and saw 10 of its levels.
You also visited: Sewer.

You collected 690 gold pieces.

Inventory:

Hand Weapons
 f - a +4 hunting sling
Missiles
 b - 23 poisoned darts (quivered)
 c - 121 sling bullets
 g - 502 stones
 D - 2 throwing nets
Armour
 i - a +0 pair of gloves (worn)
 v - a +0 scale mail (worn)
 B - a +2 pair of boots of rampaging (worn)
 J - a +0 helmet (worn)
Jewellery
 l - a ring of resist corrosion
 m - a ring of willpower (right hand)
 y - the ring "Beace" (left hand) {rC+ rN+ Str-2 Dex+3 Slay+4}
   (You acquired it on level 5 of the Dungeon)

   [ring of slaying]

   Str:       It affects your strength (-2).
   Dex:       It affects your dexterity (+3).
   Slay:      It affects your accuracy & damage with ranged weapons and melee
   (+4).
   rC:        It protects you from cold.
   rN:        It protects you from negative energy.
 C - a ring of fire
 E - an amulet of reflection (around neck)
Wands
 d - a wand of flame (34)
Scrolls
 e - 6 scrolls of identify
 n - 2 scrolls of enchant armour
 q - a scroll of noise {unknown}
 r - 2 scrolls of enchant weapon {unknown}
 s - 2 scrolls of amnesia {unknown}
 w - a scroll of fear
 x - 2 scrolls of blinking {unknown}
 z - 2 scrolls of immolation {unknown}
 A - 5 scrolls of teleportation
 G - 2 scrolls of torment {unknown}
 K - a scroll of silence {unknown}
Potions
 a - a potion of cancellation {unknown}
 h - 6 potions of curing {unknown}
 j - 4 potions of haste
 k - 4 potions of degeneration {unknown}
 o - a potion of mutation {unknown}
 p - 2 potions of invisibility {unknown}
 t - a potion of heal wounds {unknown}
 u - a potion of attraction {unknown}
 F - a potion of resistance {unknown}
 H - 3 potions of flight {unknown}
 I - a potion of ambrosia {unknown}
 L - a potion of brilliance {unknown}


   Skills:
 + Level 5.4 Fighting
 - Level 2.3 Slings
 - Level 10.5 Armour
 - Level 2.4 Dodging
 - Level 2.1 Stealth
 * Level 14.4 Unarmed Combat


You had 10 spell levels left.
You didn't know any spells.
Your spell library contained the following spells:

 Spells                   Type           Power      Damage    Failure   Level
 Foxfire                  Conj/Fire      0%         2x1d4     71%         1
 Ensorcelled Hibernation  Hex/Ice        0%         N/A       83%         2
 Conjure Flame            Conj/Fire      0%         6-21      97%         3
 Gell's Gravitas          Tloc           0%         N/A       97%         3
 Inner Flame              Hex/Fire       0%         N/A       97%         3
 Lesser Beckoning         Tloc           0%         N/A       97%         3
 Spider Form              Tmut/Pois      0%         N/A       97%         3
 Teleport Other           Tloc           0%         N/A       97%         3
 Flame Wave               Conj/Fire      0%         3d3       100%        4


Dungeon Overview and Level Annotations

Branches:
Dungeon (10/15)            Temple (0/1) D:7            Lair (0/6) D:10
    Orc (0/2) D:10          Sewer (visited)

Altars:
Cheibriados
Hepliaklqana
Makhleb
Nemelex Xobeh
Okawaru
Qazlal
Sif Muna
Trog
Uskayaw
Vehumet
Xom
Yredelemnul
The Shining One

Shops:
D:2 =


Innate Abilities, Weirdness & Mutations

You are immune to sickness and miasma.
Your stone body is resilient. (AC +8)
You are immune to poison.
You resist negative energy. (rN+)
You are resistant to electric shocks. (rElec)
You are resistant to unholy torment.
You are immune to petrification.


Message History

The hellwing hits you but does no damage.
The hellwing hits you.
You closely miss the rust devil.
The rust devil is lightly wounded.
The rust devil hits you! The rust devil corrodes you!
You block the kobold demonologist's attack.
The kobold brigand hits you with a +0 dagger.
The kobold brigand hits you with a +0 short sword.
You hit the rust devil.
The rust devil is moderately wounded.
The hellwing hits you!
The hellwing hits you but does no damage.
The rust devil hits you. The rust devil corrodes you!
The kobold demonologist hits you with a +0 dagger.
You are too injured to fight recklessly!
You are too injured to fight recklessly!
You are too injured to fight recklessly!
You are too injured to fight recklessly!
You are too injured to fight recklessly!
You are too injured to fight recklessly!
You are too injured to fight recklessly!
You are too injured to fight recklessly!
You completely miss the kobold demonologist.
The kobold brigand hits you but does no damage.
The kobold brigand hits you with a +0 short sword.
The hellwing hits you!
* * * LOW HITPOINT WARNING * * *
You block the hellwing's attack. You block the rust devil's attack.
The hellwing hits you!
* * * LOW HITPOINT WARNING * * *
The hellwing hits you but does no damage.
Okay, then.
Okay, then.
Okay, then.
The kobold demonologist looks satisfied for a moment.
The hellwing swoops through the air toward you!
The hellwing hits you.
* * * LOW HITPOINT WARNING * * *
The hellwing hits you.
You die...

########## .........#
########.# ### #.#
#.. ########.## #.#
..........# #.#
##.##.###.###.#
#.##.# #.#.#.#######
##.##.# #..#.4..@4..#
......###.####K####.#
.........## #KK.#
##.######.###KK.#
##.# ###>.##...# ##.#
#.....#.K.#
##.####.#.#######
#..............
...####.#:##.##


You could see a hellwing (summoned), a rust devil (summoned), a kobold
demonologist and a kobold brigand.

Vanquished Creatures
  2 trolls (D:9)
  Grinder (D:3)
  Sigmund (D:4)
  2 shadows
  A wyvern (D:9)
  4 yaks (D:10)
  Edmund (D:3)
  3 wargs (D:10)
  A water moccasin (Sewer)
  3 black bears
  An ice beast (D:8)
  5 orc warriors
  3 necrophages
  10 centaurs
  A phantom (D:6)
  4 kobold brigands
  9 bullfrogs
  A gnoll sergeant (D:9)
  A scorpion (D:5)
  2 wyvern zombies
  7 killer bees (D:8)
  4 howler monkeys
  2 bullfrog zombies
  3 centaur zombies
  A crimson imp (D:6)
  2 jellies
  5 orc priests
  2 hounds
  A bullfrog skeleton (D:6)
  Natasha (thrice) (D:3)
  An iguana (D:4)
  5 orc wizards
  3 killer bee zombies (D:8)
  8 gnolls
  A howler monkey skeleton (D:7)
  9 adders
  2 shadow imps
  An adder skeleton (D:4)
  A worm (D:4)
  5 dart slugs
  30 orcs
  5 bats
  8 endoplasms
  3 giant cockroaches
  34 goblins
  32 hobgoblins
  6 jackals
  2 quokkas
  3 ball pythons
  2 frilled lizards
  18 kobolds
  A quokka skeleton (D:4)
  23 rats
289 creatures vanquished.

Notes
Turn   | Place    | Note
-------+----------+-------------------------------------------
     0 | D:1      | Froggeryz the Gargoyle Monk began the quest for the Orb.
     0 | D:1      | Reached XP level 1. HP: 14/14 MP: 1/1
   122 | D:1      | Reached XP level 2. HP: 10/19 MP: 2/2
   129 | D:1      | Reached skill level 1 in Armour
  1216 | D:2      | Reached XP level 3. HP: 3/23 MP: 3/3
  1517 | D:2      | Found Cexuucwe's Jewellery Boutique.
  1544 | D:2      | Reached skill level 4 in Unarmed Combat
  2141 | D:3      | Noticed Grinder
  2153 | D:3      | Paralysed by Grinder for 2 turns
  2164 | D:3      | Paralysed by Grinder for 4 turns
  2169 | D:3      | Killed Grinder
  2170 | D:3      | Reached skill level 5 in Unarmed Combat
  2170 | D:3      | Reached XP level 4. HP: 26/28 MP: 4/4
  2170 | D:3      | Reached XP level 5. HP: 30/32 MP: 5/5
  2170 | D:3      | Reached XP level 6. HP: 34/37 MP: 6/6
  2335 | D:3      | Found a bloodstained altar of Trog.
  2344 | D:3      | Noticed Natasha
  2356 | D:3      | Killed Natasha
  2737 | D:3      | Noticed a +0 dagger
  2737 | D:3      | Noticed a +0 hand axe
  2738 | D:3      | Noticed Natasha
  2749 | D:3      | Killed Natasha
  2766 | D:3      | Noticed Natasha
  2804 | D:3      | Killed Natasha
  2805 | D:3      | Reached skill level 1 in Slings
  2805 | D:3      | Reached skill level 6 in Unarmed Combat
  2931 | D:3      | Found a hide-covered altar of Uskayaw.
  3421 | D:3      | Found an iron altar of Okawaru.
  3754 | D:3      | Found a faded altar of an unknown god.
  3818 | D:3      | Found a shimmering blue altar of Sif Muna.
  3912 | D:3      | Became a worshipper of Warmaster Okawaru
  3912 | D:3      | Reached * piety under Okawaru
  3912 | D:3      | Reached ** piety under Okawaru
  4044 | D:4      | Reached XP level 7. HP: 33/41 MP: 7/7
  4198 | D:4      | Noticed Edmund
  4283 | D:4      | Found a glowing drain.
  4290 | Sewer    | Entered a sewer
  4392 | Sewer    | Reached skill level 7 in Unarmed Combat
  4865 | D:4      | Noticed Sigmund
  4918 | D:3      | Killed Edmund
  4919 | D:3      | Reached skill level 8 in Unarmed Combat
  4919 | D:3      | Reached XP level 8. HP: 19/46 MP: 8/8
  5121 | D:4      | Found a sparkling altar of Nemelex Xobeh.
  5132 | D:4      | Found a hazy altar of Hepliaklqana.
  5140 | D:4      | Reached *** piety under Okawaru
  5190 | D:4      | Found a basalt altar of Yredelemnul.
  5292 | D:4      | You fall into a shaft and drop 3 floors!
  5497 | D:7      | Reached skill level 9 in Unarmed Combat
  5505 | D:7      | Found a snail-covered altar of Cheibriados.
  5631 | D:6      | Found a shimmering altar of Xom.
  5865 | D:5      | Entered Level 5 of the Dungeon
  5985 | D:5      | Identified 2 scrolls of acquirement
  5986 | D:5      | Acquired the ring "Beace" {rC+ rN+ Str-2 Dex+3 Slay+4}
  6024 | D:5      | Reached skill level 10 in Unarmed Combat
  6033 | D:4      | Acquired a manual of Armour
  6148 | D:4      | Killed Sigmund
  6148 | D:4      | Reached **** piety under Okawaru
  6654 | D:4      | Reached XP level 9. HP: 51/51 MP: 9/9
  6987 | D:4      | Identified the +4 short sword of the Sun {holy, rC+ Str+5}
  7251 | D:5      | Reached skill level 5 in Armour
  7661 | D:6      | Found a burning altar of Makhleb.
  7755 | D:6      | Reached skill level 11 in Unarmed Combat
  8058 | D:6      | Found a radiant altar of Vehumet.
  8375 | D:7      | Found a staircase to the Ecumenical Temple.
  9654 | D:8      | Reached skill level 12 in Unarmed Combat
  9673 | D:8      | Reached XP level 10. HP: 23/56 MP: 10/10
 12078 | D:9      | Reached skill level 13 in Unarmed Combat
 12269 | D:9      | Reached skill level 10 in Armour
 12275 | D:9      | Received a gift from Okawaru
 13051 | D:9      | Found a stormy altar of Qazlal.
 13549 | D:10     | Entered Level 10 of the Dungeon
 13573 | D:10     | Found a staircase to the Orcish Mines.
 13746 | D:10     | Reached ***** piety under Okawaru
 13747 | D:10     | Reached skill level 14 in Unarmed Combat
 13752 | D:10     | Found a staircase to the Lair.
 13776 | D:10     | Reached XP level 11. HP: 50/62 MP: 11/11
 13782 | D:10     | Reached skill level 5 in Fighting
 13989 | D:10     | Found a glowing golden altar of the Shining One.
 14152 | D:10     | HP: 3/64 [hellwing[a kobold demonologist] (3)]
 14152 | D:10     | Slain by a hellwing

Illustrated notes

Levels and vault maps discovered:
D:1:      lemuel_arrival_funnel, layout_basic, lemuel_old_faithful
D:2:      layout_loops_ring, serial_shops, shop
D:3:      layout_basic, mainiacjoe_overflow_small_starburst,
          dancing_weapons_uskayaw, overflow_temple_1_default,
          lemuel_coloured_pillars_altar, shapermc_ecumenical_altar_totnotflames,
          hangedman_abyss_or_decor_lesser_grid, nrook_uturn, minmay_rat_hole,
          uniq_natasha, uniq_grinder
D:4:      minmay_goblin_kobold_castle, layout_basic,
          grunt_temple_overflow_diamond, lightli_sewer_entry_pipes, minivault_4,
          grunt_ministairs_7, corexii_item_surrounded_by_moat,
          minmay_misc_feat_encased, uniq_edmund, uniq_sigmund
D:5:      layout_basic
D:6:      layout_basic, makhleb_grotto_becter, vehumet_crystals,
          mainiacjoe_overflow_alcove_4
D:7:      layout_loops_ring, lemuel_crystal_altar,
          minmay_temple_entry_statues_fountains
D:8:      layout_loops_corners, kennysheep_kite_vault
D:9:      layout_basic, nicolae_qazlal_eye_of_the_storm, centaur_isle
D:10:     layout_loops_ring, nicolae_tso_carved_into_rock,
          erik_lair_orcish_takeover, orc_0_dummy, special_room
          [special_room_kobold]

Skill      XL: |  1  2  3  4  5  6  7  8  9 10 11 |
---------------+----------------------------------+-----
Armour         | 1 3 4 8 10 | 10.5
Unarmed Combat | 5 6 8 10 12 14 | 14.4
Slings         | 1 2 |  2.3
Fighting       | 4 5 |  5.4
Dodging        | |  2.4
Stealth        | |  2.1

Action                   |  1- 3 |  4- 6 |  7- 9 | 10-12 || total
-------------------------+-------+-------+-------+-------++-------
Melee: Unarmed           |   111 |   181 |   424 |   199 ||   915
       Punch             |       |     3 |    14 |    11 ||    28
 Fire: Hunting sling     |       |       |    27 |    47 ||    74
Throw: Dart              |       |     1 |       |       ||     1
Evoke: Wand              |       |       |       |     6 ||     6
  Use: Potion            |     2 |       |       |       ||     2
       Scroll            |       |       |     8 |       ||     8
 Stab: Sleeping          |     3 |       |       |       ||     3
Armor: Robe              |    37 |     8 |       |       ||    45
       Skin              |     4 |       |       |       ||     4
       Scale mail        |       |    41 |   242 |   198 ||   481
       Leather armour    |       |    27 |       |       ||    27
Dodge: Dodged            |    78 |   107 |   199 |   149 ||   533
Block: Other             |       |       |       |    18 ||    18

Table legend: (Time is in decaauts)
 A = Elapsed time spent in this place.
 B = Non-inter-level travel time spent in this place.
 C = Inter-level travel time spent in this place.
 D = Time resting spent in this place.
 E = Time spent auto-exploring this place.
 F = Levels seen in this place.
 G = Mean time per level.
                   A        B        C        D        E       F      G
               +--------+--------+--------+--------+--------+-----+--------+
         Total |  14040 |  13615 |    425 |   3430 |   8068 |  11 | 1276.4 |
       Dungeon |  13885 |  13460 |    425 |   3421 |   7970 |  10 | 1388.5 |
         Sewer |    155 |    155 |      0 |      9 |     98 |   1 |  155.0 |
               +--------+--------+--------+--------+--------+-----+--------+

Top non-repeatable levels by time:
     D:8: 3018 daAuts
     D:3: 1979 daAuts
     D:4: 1977 daAuts
     D:9: 1606 daAuts
     D:1: 1072 daAuts
     D:2: 1059 daAuts
     D:6: 923 daAuts
     D:7: 890 daAuts
     D:5: 781 daAuts
    D:10: 577 daAuts
   Sewer: 155 daAuts
